 Dungeon Crawl Stone Soup version 0.25.0-26-g0c896c7088 (webtiles) character file.

Game seed: 17441677174242290649

29 MisterFreud the Insei (level 3, 0/29 HPs)
             Began as a Demonspawn Abyssal Knight on July 5, 2020.
             Was a Follower of Lugonu.
             Slain by an adder (3 damage)
             ... on level 2 of the Dungeon.
             The game lasted 00:01:25 (1527 turns).

MisterFreud the Insei (Demonspawn Abyssal Knight)   Turns: 1527, Time: 00:01:26

Health: 0/29       AC:  3    Str: 12    XL:     3   Next: 1%
Magic:  4/4        EV: 11    Int: 14    God:    Lugonu [*.....]
Gold:   31         SH:  0    Dex: 12    Spells: 2/2 levels left

rFire    . . .     SeeInvis .     - Unarmed
rCold    . . .     Gourm    .   (no shield)
rNeg     . . .     Faith    .   a - +0 leather armour
rPois    .         Spirit   .   (no helmet)
rElec    .         Reflect  .   (no cloak)
rCorr    .         Harm     .   (no gloves)
MR       .....                  (no boots)
Stlth    ++........             (no amulet)
HPRegen  0.09/turn              (no ring)
MPRegen  0.09/turn              (no ring)

@: lethally poisoned (0 -> -6)
A: nightstalker 1
a: Depart the Abyss, Renounce Religion


You were on level 2 of the Dungeon.
You worshipped Lugonu.
Lugonu was aware of your devotion.
You were not hungry.

You visited 1 branch of the dungeon, and saw 2 of its levels.
You visited the Abyss 1 time.

You collected 31 gold pieces.

Inventory:

Armour
 a - a +0 leather armour (worn)
Scrolls
 d - 2 scrolls of teleportation {unknown}
 e - 5 scrolls of identify {unknown}
 f - a scroll of fear {unknown}
 g - a scroll of immolation {unknown}
 i - a scroll of enchant weapon {unknown}
Potions
 h - a potion of lignification {unknown}
 j - a potion of curing {unknown}
 k - 2 potions of stabbing {unknown}
 l - a potion of heal wounds {unknown}
Comestibles
 b - 3 rations


   Skills:
 - Level 3.0 Fighting
 - Level 1.7 Armour
 - Level 0.8 Dodging
 + Level 3.2 Unarmed Combat
 - Level 2.4 Invocations


You had 2 spell levels left.
You didn't know any spells.
Your spell library was empty.

Dungeon Overview and Level Annotations

Branches:
Dungeon (2/15)

Altars:


Innate Abilities, Weirdness & Mutations

You are slightly more attuned to the shadows.


Message History

You are more poisoned.
The adder poisons you!
You miss the adder.
The adder is severely wounded.
You feel sick. The adder barely misses you.
The adder bites you but does no damage.
You closely miss the adder.
The adder is severely wounded.
The adder barely misses you.
You hit the adder.
The adder is severely wounded.
You feel sick. The adder barely misses you.
You closely miss the adder.
The adder is severely wounded.
You feel sick. The adder bites you.
* * * LOW HITPOINT WARNING * * *
You closely miss the adder.
The adder is severely wounded.
The adder bites you.
You die...

.##.S%...........
#.?..+##.........
...$#..........###
.##.#..........#
...%.........#
##.#+#......#...
#. #g.....#.###
#S#......#
#@#.##### #......#
#..#...# #..#..<..
#. ..#..?# ..
......# #. ...#...


You could see an adder and a hobgoblin.

Vanquished Creatures
  A leopard gecko (D:1)
  2 giant cockroaches
  5 goblins (D:1)
  3 hobgoblins (D:1)
  4 bats (D:1)
  A frilled lizard (D:1)
  5 kobolds
  5 rats (D:1)
26 creatures vanquished.

Notes
Turn   | Place    | Note
-------+----------+-------------------------------------------
     0 | Abyss:1  | MisterFreud the Demonspawn Abyssal Knight began the quest
                  | for the Orb.
     0 | Abyss:1  | Reached XP level 1. HP: 18/18 MP: 2/2
    46 | Abyss:1  | Noticed a harpy simulacrum
    47 | D:1      | Escaped the Abyss
   366 | D:1      | Reached * piety under Lugonu
   366 | D:1      | Gained mutation: You are slightly more attuned to the
                  | shadows. [demonic ancestry]
   366 | D:1      | Reached XP level 2. HP: 24/24 MP: 3/3
  1512 | D:2      | Reached XP level 3. HP: 25/29 MP: 4/4
  1527 | D:2      | Slain by an adder

Illustrated notes

Levels and vault maps discovered:
D:1:      matt_arrival_refuge, layout_rooms, serial_bayou_pond_d,
          minmay_small_reverse_x
D:2:      layout_basic, grunt_temple_overflow_diamond, kennysheep_cross_room,
          minmay_domino_4

Skill      XL: |  1  2 |
---------------+-------+-----
Unarmed Combat | 2 3 |  3.2
Fighting       | |  3.0
Armour         | |  1.7
Dodging        | |  0.8
Invocations    | |  2.4

Action                   || total
-------------------------++-------
Melee: Unarmed           ||   126
       Punch             ||     1
Invok: Depart the Abyss  ||     1
 Stab: Sleeping          ||     2
  Eat: Chunk             ||     2
Armor: Leather armour    ||    29
Dodge: Dodged            ||    75
